 Dungeon Crawl Stone Soup version 0.29.0-4-gdea44cf6ec (webtiles) character file.

Game seed: 8634516790557419643

3124 qw the Grappler (level 9, -8/78 HPs)
             Began as a Ghoul Fire Elementalist on Aug 29, 2022.
             Was an Initiate of Okawaru.
             Mangled by a gnoll
             ... wielding a +0 halberd
              (11 damage)
             ... on level 7 of the Dungeon.
             The game lasted 00:06:30 (8441 turns).

qw the Grappler (Ghoul Fire Elementalist)           Turns: 8441, Time: 00:06:31

Health: -8/78      AC: 17    Str: 22    XL:     9   Next: 91%
Magic:  10/10      EV:  5    Int: 10    God:    Okawaru [......]
Gold:   351        SH:  8    Dex:  9    Spells: 10/11 levels left

rFire   . . .      SeeInvis .     - Unarmed
rCold   + . .      Faith    .   o - +0 kite shield
rNeg    + + +      Spirit   .   g - +0 plate armour
rPois   inf        Reflect  .   (no helmet)
rElec   .          Harm     .   (no cloak)
rCorr   .          Rampage  .   j - +0 pair of gloves
Will    .....                   e - +0 pair of boots
Stlth   ..........              (no amulet)
HPRegen 0.00/turn               c - +6 ring of strength
MPRegen 0.12/turn               k - +4 ring of protection

@: weakened, inhibited regen
A: claws 1, cold resistance 1, negative energy resistance 3, inhibited
regeneration, torment resistance 2, devour on kill
a: Renounce Religion


You were on level 7 of the Dungeon.
You worshipped Okawaru.
Okawaru was noncommittal.
You visited 2 branches of the dungeon, and saw 8 of its levels.
You also visited: Ossuary.

You collected 351 gold pieces.


Innate Abilities, Weirdness & Mutations

You are immune to poison.
You have sharp fingernails.
Your flesh is cold resistant. (rC+)
You are immune to negative energy. (rN+++)
You do not regenerate when monsters are visible.
You are immune to unholy pain and torment.
You thrive by killing the living.


   Skills:
 - Level 6.4 Fighting
 - Level 3.1 Armour
 - Level 1.7 Dodging
 - Level 2.1 Stealth
 - Level 5.3 Shields
 + Level 10.7 Unarmed Combat
 - Level 1.7 Spellcasting
 - Level 0.7 Conjurations
 - Level 2.4 Fire Magic


You had 10 spell levels left.
You knew the following spells:

 Your Spells              Type           Power      Damage    Failure   Level
a - Foxfire               Conj/Fire      16%        2x1d4     100%        1

Your spell library contained the following spells:

 Spells                   Type           Power      Damage    Failure   Level
 Scorch                   Fire           10%        2d6       100%        2
 Conjure Flame            Conj/Fire      4%         6-21      100%        3
 Inner Flame              Hex/Fire       3%         N/A       100%        3
 Flame Wave               Conj/Fire      4%         2d5       100%        4

Inventory:

Armour
 e - a +0 pair of boots (worn)
 g - a +0 plate armour (worn)
 j - a +0 pair of gloves (worn)
 o - a +0 kite shield (worn)
Jewellery
 c - a +6 ring of strength (left hand)
 k - a +4 ring of protection (right hand)
Scrolls
 b - 2 scrolls of identify
 r - 3 scrolls of enchant weapon
Potions
 a - a potion of cancellation
 f - a potion of resistance
 i - 11 potions of curing
 n - a potion of haste
 s - a potion of mutation

Dungeon Overview and Level Annotations

Branches:
Dungeon (7/15)             Temple (1/1) D:6         Ossuary (visited)

Altars:
Ashenzari
Cheibriados
Dithmenos
Fedhas
Gozag
Hepliaklqana
Kikubaaqudgha
Makhleb
Okawaru
Ru
Sif Muna
Trog
Vehumet
Wu Jian
Xom
Yredelemnul

Annotations:
D:4 3 runed translucent doors, qw's ghost, amateur TeWr


Message History

The gnoll bouda gazes fiercely through you!
You feel as though you will be weak longer.
You block the gnoll bouda's attack.
The gnoll hits you from afar with a +0 spear.
You barely miss the gnoll.
The gnoll is almost dead.
The gnoll is no longer moving quickly.
The gnoll hits you but does no damage. The gnoll hits you with a +0 falchion.
You block the gnoll's attack.
The gnoll bouda calls upon its god to heal the gnoll.
The gnoll is healed somewhat.
You hit the gnoll.
The gnoll is severely wounded.
A jackal comes into view.
The gnoll hits you from afar with a +0 halberd!
You block the gnoll's attack.
The jackal moves out of view.
You punch the gnoll!
You kill the gnoll!
Okawaru accepts your kill. The gnoll barely misses you.
The gnoll bouda hits you but does no damage.
The gnoll hits you from afar with a +0 halberd.
You hit the hound.
The hound is moderately wounded.
The gnoll hits you but does no damage.
The gnoll bouda hits you but does no damage.
The hound barely misses you. The gnoll hits you but does no damage.
You closely miss the hound.
The hound is moderately wounded.
The hound bites you but does no damage.
The gnoll bouda barks out a call to the hunt!
The gnoll picks up the pace!
You block the gnoll's attack.
The gnoll hits you from afar with a +0 halberd.
You hit the hound.
The hound is heavily wounded.
The hound bites you but does no damage. The gnoll closely misses you.
The gnoll bouda hits you but does no damage.
You block the hound's attack.
The gnoll hits you from afar with a +0 halberd!
You die...

#
##.....#..##..###~..7..
... #....####
#.###....... ....#....#
#..#...7._.7 ....#....#
##.......... .......###
##...#~..7.. .........
##....#~~...~ ....[.#
#....####...#
#...#######.#....##.##
#.#gh@.##.#.###.###.# #
#...)g##.....#### ###
## ##...g.##.....# .#
##.......#....## .....
.................###
....#
............#.......#
<....
....#......(...#...##
...#.
....##.~~0~~.####.##
...# .......¤~~~¤.# ###


You could see a gnoll bouda, a hound and 2 gnolls.

Vanquished Creatures
  Pikel (D:6)
  A wyvern (D:7)
  Menkaure (D:4)
  4 ice beasts
  A sky beast (D:7)
  An ogre (D:4)
  A centaur (D:4)
  3 phantoms
  A kobold brigand (D:7)
  2 bullfrogs (D:7)
  A necrophage (D:4)
  A wyvern zombie (Ossuary)
  3 water moccasin zombies (Ossuary)
  2 scorpions
  A crimson imp (D:6)
  A centaur zombie (Ossuary)
  4 bullfrog zombies (Ossuary)
  13 mummies (Ossuary)
  An orc priest (D:5)
  A hound (D:5)
  2 jellies (D:5)
  2 iguanas (D:4)
  2 killer bee zombies (Ossuary)
  2 howler monkey zombies (Ossuary)
  14 gnolls
  4 adders
  A shadow imp (D:7)
  A white imp (D:5)
  An ufetubus (D:4)
  A worm (D:4)
  4 dart slugs
  13 orcs
  6 bats
  2 endoplasms
  4 giant cockroaches
  4 goblins
  6 hobgoblins
  4 quokkas
  4 ball pythons
  A frilled lizard (D:3)
  14 kobolds
  5 rats
141 creatures vanquished.

Vanquished Creatures (others)
  7 fungi (D:6)
  4 withered plants (Ossuary)
11 creatures vanquished.

Grand Total: 152 creatures vanquished

Notes
Turn   | Place    | Note
-------+----------+-------------------------------------------
     0 | D:1      | qw the Ghoul Fire Elementalist began the quest for the Orb.
     0 | D:1      | Reached XP level 1. HP: 14/14 MP: 2/2
     0 | D:1      | 0 ||| qw: Version: 0.1-a-90-g952f4b7
     0 | D:1      | 0 ||| qw: Game counter: 4104
     0 | D:1      | 0 ||| qw: Always use a shield: true
     0 | D:1      | 0 ||| qw: God list: Okawaru
     0 | D:1      | 0 ||| qw: Allow faded altars: false
     0 | D:1      | 0 ||| qw: Do Orc after D:15 true
     0 | D:1      | 0 ||| qw: Do second Lair branch before Depths: true
     0 | D:1      | 0 ||| qw: Lair rune preference: random
     0 | D:1      | 0 ||| qw: Plans: Normal
     0 | D:1      | 0 ||| PLANNING D:1-11
   184 | D:1      | Reached skill level 1 in Unarmed Combat
   380 | D:1      | Reached XP level 2. HP: 12/22 MP: 3/3
   568 | D:1      | Reached skill level 1 in Fighting
   570 | D:1      | 570 ||| Stepping ~*~*~tactically~*~*~ (outnumbered).
   974 | D:1      | Reached skill level 2 in Unarmed Combat
  1016 | D:1      | 1016 ||| Stepping ~*~*~tactically~*~*~ (hiding).
  1118 | D:1      | 1118 ||| Stepping ~*~*~tactically~*~*~ (hiding).
  1220 | D:1      | 1220 ||| Stepping ~*~*~tactically~*~*~ (hiding).
  1322 | D:1      | 1322 ||| Stepping ~*~*~tactically~*~*~ (hiding).
  1424 | D:1      | 1424 ||| Stepping ~*~*~tactically~*~*~ (hiding).
  1526 | D:1      | 1526 ||| Stepping ~*~*~tactically~*~*~ (hiding).
  1641 | D:1      | Reached XP level 3. HP: 26/28 MP: 4/4
  1913 | D:1      | 1913 ||| UPGRADING to +0 pair of boots.
  1918 | D:1      | 1918 ||| UPGRADING to +2 leather armour of cold resistance.
  1928 | D:1      | 1928 ||| DROPPING +0 robe.
  1929 | D:1      | 1929 ||| UPGRADING to +0 scale mail.
  1939 | D:1      | 1939 ||| DROPPING +2 leather armour of cold resistance.
  1940 | D:1      | 1940 ||| UPGRADING to +6 ring of dexterity.
  1941 | D:1      | 1941 ||| UPGRADING to +4 ring of protection.
  1942 | D:1      | 1942 ||| READING scroll labelled MAOMMU JEANOIS.
  1943 | D:1      | 1943 ||| READING scroll labelled XEIMIP KUGAXTI.
  2044 | D:1      | 2044 ||| READING scroll labelled IRAVOSISCHE.
  2045 | D:1      | 2045 ||| READING scroll labelled QABAMUTZOEWID.
  2046 | D:1      | 2046 ||| READING scroll labelled QIARAQ NOR HECATU.
  2047 | D:1      | 2047 ||| READING scroll labelled QEPEL AXUL FYO.
  2048 | D:1      | 2048 ||| DRINKING 2 silvery potions.
  2049 | D:1      | 2049 ||| DRINKING 2 black potions.
  2050 | D:1      | 2050 ||| DROPPING potion of magic.
  2051 | D:1      | 2051 ||| DROPPING potion of lignification.
  2207 | D:2      | 2207 ||| Stepping ~*~*~tactically~*~*~ (stealth).
  2217 | D:2      | Reached skill level 3 in Unarmed Combat
  2319 | D:2      | 2319 ||| Stepping ~*~*~tactically~*~*~ (hiding).
  2320 | D:2      | 2320 ||| Stepping ~*~*~tactically~*~*~ (hiding).
  2444 | D:2      | Reached XP level 4. HP: 34/35 MP: 5/5
  2764 | D:2      | 2764 ||| DROPPING amulet of faith.
  2765 | D:2      | 2765 ||| READING scroll labelled VEOFUBU SEOBEPH.
  2769 | D:2      | 2769 ||| READING scroll labelled GUGACI ENOAK.
  2770 | D:2      | 2770 ||| READING 2 scrolls of identify.
  2770 | D:2      | 2770 ||| IDENTIFYING orange potion
  2806 | D:3      | Found a faded altar of an unknown god.
  3659 | D:3      | 3659 ||| UPGRADING to +0 kite shield.
  3664 | D:3      | 3664 ||| READING scroll labelled COFAPA PEHUC.
  3665 | D:3      | 3665 ||| READING scroll labelled BUPLIR XYILLUFARGH.
  3666 | D:3      | 3666 ||| DRINKING 2 sedimented sapphire potions.
  3667 | D:3      | 3667 ||| DRINKING 6 smoky brown potions.
  3668 | D:3      | 3668 ||| DRINKING 3 lumpy orange potions.
  3669 | D:3      | 3669 ||| DRINKING 2 brown potions.
  3670 | D:3      | 3670 ||| READING 2 scrolls of identify.
  3670 | D:3      | 3670 ||| IDENTIFYING fizzy amethyst potion
  3671 | D:3      | 3671 ||| DROPPING potion of flight.
  3672 | D:3      | 3672 ||| DROPPING 2 potions of attraction.
  3756 | D:4      | Noticed a centaur
  3770 | D:4      | Killed a centaur
  3771 | D:4      | Reached XP level 5. HP: 25/40 MP: 6/6
  3949 | D:4      | Reached skill level 4 in Unarmed Combat
  4051 | D:4      | Found a runed translucent gate.
  4052 | D:4      | Found a runed translucent gate.
  4052 | D:4      | Found a runed translucent gate.
  4054 | D:4      | Noticed qw's ghost (amateur TeWr)
  4054 | D:4      | Noticed qw's ghost (amateur TeWr)
  4054 | D:4      | Noticed qw's ghost (amateur TeWr)
  4054 | D:4      | Noticed qw's ghost (amateur TeWr)
  4054 | D:4      | Noticed qw's ghost (amateur TeWr)
  4064 | D:4      | 4064 ||| Stepping ~*~*~tactically~*~*~ (stealth).
  4066 | D:4      | 4066 ||| Stepping ~*~*~tactically~*~*~ (stealth).
  4108 | D:4      | 4108 ||| Stepping ~*~*~tactically~*~*~ (stealth).
  4273 | D:4      | Reached XP level 6. HP: 30/50 MP: 7/7
  4409 | D:4      | 4409 ||| Stepping ~*~*~tactically~*~*~ (stealth).
  4410 | D:4      | 4410 ||| Stepping ~*~*~tactically~*~*~ (stealth).
  4417 | D:4      | 4417 ||| Stepping ~*~*~tactically~*~*~ (outnumbered).
  4418 | D:4      | 4418 ||| Stepping ~*~*~tactically~*~*~ (outnumbered).
  4657 | D:4      | Noticed Menkaure
  4661 | D:4      | HP: 10/50 [ogre/+0 giant spiked club (13)]
  4662 | D:4      | 4662 ||| DRINKING 3 potions of heal wounds.
  4665 | D:4      | 4665 ||| DRINKING 2 potions of heal wounds.
  4668 | D:4      | Reached skill level 5 in Unarmed Combat
  4673 | D:4      | HP: 10/50 [Menkaure (5)]
  4674 | D:4      | 4674 ||| DRINKING potion of heal wounds.
  4675 | D:4      | Killed Menkaure
  4676 | D:4      | Reached skill level 3 in Shields
  4676 | D:4      | Reached XP level 7. HP: 28/56 MP: 8/8
  5033 | D:4      | 5033 ||| DROPPING +0 scale mail of poison resistance.
  5034 | D:4      | 5034 ||| DROPPING ring of flight.
  5035 | D:4      | 5035 ||| READING scroll labelled YJOR QILE.
  5036 | D:4      | 5036 ||| READING 2 scrolls of identify.
  5036 | D:4      | 5036 ||| IDENTIFYING murky orange potion
  5037 | D:4      | 5037 ||| DROPPING potion of berserk rage.
  5044 | D:5      | Entered Level 5 of the Dungeon
  5075 | D:5      | Reached skill level 1 in Armour
  5308 | D:5      | 5308 ||| Stepping ~*~*~tactically~*~*~ (hiding).
  5326 | D:5      | Reached skill level 6 in Unarmed Combat
  5383 | D:5      | Reached skill level 3 in Fighting
  5492 | D:5      | 5492 ||| Stepping ~*~*~tactically~*~*~ (hiding).
  5509 | D:5      | Reached XP level 8. HP: 59/63 MP: 9/9
  5630 | D:5      | Found an ancient bone altar of Kikubaaqudgha.
  5632 | D:5      | Found a blossoming altar of Fedhas.
  5681 | D:5      | 5681 ||| Stepping ~*~*~tactically~*~*~ (hiding).
  5691 | D:5      | Reached skill level 7 in Unarmed Combat
  5691 | D:5      | 5691 ||| Stepping ~*~*~tactically~*~*~ (hiding).
  6133 | D:5      | 6133 ||| UPGRADING to +0 plate armour.
  6143 | D:5      | 6143 ||| DROPPING +0 scale mail.
  6144 | D:5      | 6144 ||| UPGRADING to +6 ring of strength.
  6146 | D:5      | 6146 ||| DROPPING ring of ice.
  6147 | D:5      | 6147 ||| DROPPING +6 ring of dexterity.
  6148 | D:5      | 6148 ||| READING scroll labelled OMMOUS NIWOSA.
  6149 | D:5      | 6149 ||| READING 2 scrolls of identify.
  6149 | D:5      | 6149 ||| IDENTIFYING sapphire potion
  6150 | D:5      | 6150 ||| DROPPING potion of degeneration.
  6164 | D:6      | 6164 ||| PLANNING OSSUARY
  6189 | D:6      | Found an opulent altar of Gozag.
  6262 | D:6      | Identified the +1 robe of Onoonide {Rampage Int+4}
  6307 | D:6      | Noticed Pikel
  6325 | D:6      | Killed Pikel
  6326 | D:6      | Reached skill level 9 in Unarmed Combat
  6326 | D:6      | 6326 ||| FLEEEEING.
  6327 | D:6      | 6327 ||| FLEEEEING.
  6328 | D:6      | 6328 ||| FLEEEEING.
  6329 | D:6      | 6329 ||| FLEEEEING.
  6330 | D:6      | 6330 ||| FLEEEEING.
  6331 | D:6      | 6331 ||| FLEEEEING.
  6332 | D:6      | 6332 ||| FLEEEEING.
  6333 | D:6      | 6333 ||| FLEEEEING.
  6334 | D:6      | 6334 ||| FLEEEEING.
  6335 | D:6      | 6335 ||| FLEEEEING.
  6337 | D:6      | 6337 ||| FLEEEEING.
  6338 | D:6      | 6338 ||| FLEEEEING.
  6340 | D:6      | 6340 ||| FLEEEEING.
  6341 | D:6      | 6341 ||| FLEEEEING.
  6342 | D:6      | 6342 ||| FLEEEEING.
  6343 | D:6      | 6343 ||| FLEEEEING.
  6345 | D:6      | 6345 ||| FLEEEEING.
  6346 | D:6      | 6346 ||| FLEEEEING.
  6347 | D:6      | 6347 ||| FLEEEEING.
  6348 | D:6      | 6348 ||| STAIRDANCE
  6561 | D:6      | Reached XP level 9. HP: 69/71 MP: 10/10
  6644 | D:6      | Found a sand-covered staircase.
  6645 | D:6      | 6645 ||| UPGRADING to +0 pair of gloves.
  6650 | D:6      | 6650 ||| READING scroll labelled GIKHIT KENYLORCH.
  6659 | Ossuary  | Entered an ossuary
  6672 | Ossuary  | Reached skill level 3 in Armour
  6680 | Ossuary  | 6680 ||| Stepping ~*~*~tactically~*~*~ (water).
  6711 | Ossuary  | 6711 ||| Stepping ~*~*~tactically~*~*~ (stealth).
  6714 | Ossuary  | 6714 ||| Stepping ~*~*~tactically~*~*~ (stealth).
  6867 | Ossuary  | 6867 ||| Stepping ~*~*~tactically~*~*~ (stealth).
  6871 | Ossuary  | 6871 ||| Stepping ~*~*~tactically~*~*~ (stealth).
  6972 | Ossuary  | 6972 ||| Stepping ~*~*~tactically~*~*~ (stealth).
  7114 | Ossuary  | 7114 ||| Stepping ~*~*~tactically~*~*~ (hiding).
  7115 | Ossuary  | 7115 ||| Stepping ~*~*~tactically~*~*~ (stealth).
  7256 | Ossuary  | 7256 ||| Stepping ~*~*~tactically~*~*~ (hiding).
  7281 | Ossuary  | Reached skill level 10 in Unarmed Combat
  7299 | Ossuary  | 7299 ||| Stepping ~*~*~tactically~*~*~ (hiding).
  7311 | Ossuary  | 7311 ||| Stepping ~*~*~tactically~*~*~ (water).
  7387 | Ossuary  | 7387 ||| READING 5 scrolls of identify.
  7387 | Ossuary  | 7387 ||| IDENTIFYING fuming puce potion
  7388 | Ossuary  | 7388 ||| READING 4 scrolls of identify.
  7388 | Ossuary  | 7388 ||| IDENTIFYING bubbling coppery potion
  7389 | Ossuary  | 7389 ||| READING 3 scrolls of identify.
  7389 | Ossuary  | 7389 ||| IDENTIFYING fuming white potion
  7390 | Ossuary  | 7390 ||| DROPPING potion of brilliance.
  7391 | Ossuary  | 7391 ||| DROPPING potion of invisibility.
  7400 | D:6      | 7400 ||| PLANNING D:1-11
  7702 | D:6      | Found a staircase to the Ecumenical Temple.
  7703 | D:6      | 7703 ||| PLANNING TEMPLE
  7709 | Temple   | Entered the Ecumenical Temple
  7791 | Temple   | Became a worshipper of Warmaster Okawaru
  7857 | Temple   | 7857 ||| PLANNING D:1-11
  7897 | D:6      | Found a burning altar of Makhleb.
  8020 | D:7      | Reached skill level 6 in Fighting
  8137 | D:7      | HP: 16/78 [wolf (8)]
  8138 | D:7      | 8138 ||| READING scroll of teleportation.
  8139 | D:7      | 8139 ||| DRINKING potion of heal wounds.
  8235 | D:7      | 8235 ||| Stepping ~*~*~tactically~*~*~ (outnumbered).
  8237 | D:7      | 8237 ||| Stepping ~*~*~tactically~*~*~ (outnumbered).
  8238 | D:7      | 8238 ||| Stepping ~*~*~tactically~*~*~ (outnumbered).
  8239 | D:7      | 8239 ||| Stepping ~*~*~tactically~*~*~ (outnumbered).
  8240 | D:7      | 8240 ||| Stepping ~*~*~tactically~*~*~ (outnumbered).
  8241 | D:7      | 8241 ||| Stepping ~*~*~tactically~*~*~ (outnumbered).
  8243 | D:7      | 8243 ||| Stepping ~*~*~tactically~*~*~ (outnumbered).
  8245 | D:7      | 8245 ||| Stepping ~*~*~tactically~*~*~ (outnumbered).
  8246 | D:7      | 8246 ||| Stepping ~*~*~tactically~*~*~ (outnumbered).
  8247 | D:7      | 8247 ||| Stepping ~*~*~tactically~*~*~ (outnumbered).
  8249 | D:7      | 8249 ||| Stepping ~*~*~tactically~*~*~ (outnumbered).
  8376 | D:7      | Found a shimmering blue altar of Sif Muna.
  8396 | D:7      | 8396 ||| Stepping ~*~*~tactically~*~*~ (outnumbered).
  8398 | D:7      | 8398 ||| Stepping ~*~*~tactically~*~*~ (outnumbered).
  8400 | D:7      | 8400 ||| Stepping ~*~*~tactically~*~*~ (outnumbered).
  8403 | D:7      | 8403 ||| Stepping ~*~*~tactically~*~*~ (outnumbered).
  8404 | D:7      | 8404 ||| Stepping ~*~*~tactically~*~*~ (outnumbered).
  8405 | D:7      | 8405 ||| Stepping ~*~*~tactically~*~*~ (outnumbered).
  8406 | D:7      | 8406 ||| Stepping ~*~*~tactically~*~*~ (outnumbered).
  8410 | D:7      | 8410 ||| Stepping ~*~*~tactically~*~*~ (outnumbered).
  8437 | D:7      | HP: 10/78 [gnoll/+0 halberd (12)]
  8440 | D:7      | HP: 3/78 [gnoll/+0 halberd (5)]
  8441 | D:7      | Mangled by a gnoll

Levels and vault maps discovered:
D:1:      heliophobic_arrival_battle_scene, layout_basic, minivault_19,
          minmay_unequal
D:2:      layout_basic, minmay_pentomino_x4
D:3:      layout_basic, basic_ecumenical_altar, st_stairs_13
D:4:      layout_loops_ring, gammafunk_ghost_cemetery, uniq_menkaure
D:5:      layout_loops_cross, grunt_temple_overflow_growth_and_decay
D:6:      layout_basic, old_standard_altar, makhleb_grotto_becter,
          minmay_temple_entry_enclosed_plants, serial_aquarium,
          aquarium_bridge_square [aquarium_subvault_wall,
          aquarium_subvault_bridge, aquarium_subvault_wall,
          aquarium_subvault_window], aquarium_window_fake,
          aquarium_window_corridor_1, aquarium_window_fake,
          aquarium_window_corner, aquarium_view_2e, aquarium_balcony_3a,
          aquarium_pool_double, nicolae_ossuary_entry_monument, uniq_pikel
D:7:      layout_cave_pools, nicolae_sif_muna_condensation, elyvilon_altar_4,
          nicolae_overflow_two_pavilions, serial_gnoll_camp,
          gnoll_camp_mini_basic, gnoll_camp_mini_loothouse,
          gnoll_camp_mini_house, gnoll_camp_medium_02
Temple:   nicolae_temple_bog_church

Skill      XL: |  1  2  3  4  5  6  7  8  9 |
---------------+----------------------------+-----
Unarmed Combat | 1 2 3 4 5 6 9 10 | 10.7
Fighting       | 1 2 3 4 6 |  6.4
Shields        | 2 3 4 5 |  5.3
Armour         | 1 2 3 |  3.1
Dodging        | |  1.7
Stealth        | |  2.1
Spellcasting   | |  1.7
Conjurations   | |  0.7
Fire Magic     | |  2.4

Action                   |  1- 3 |  4- 6 |  7- 9 || total
-------------------------+-------+-------+-------++-------
Melee: Unarmed           |   116 |   123 |   430 ||   669
       Punch             |     2 |       |       ||     2
  Use: Scroll            |     6 |     6 |     9 ||    21
       Potion            |     2 |     7 |     1 ||    10
 Stab: Sleeping          |     1 |       |       ||     1
Armor: Robe              |     7 |       |       ||     7
       Scale mail        |    25 |    48 |    32 ||   105
       Plate armour      |       |       |   238 ||   238
Dodge: Dodged            |    47 |    28 |    76 ||   151
Block: Kite shield       |       |    40 |   174 ||   214

Table legend:
 A = Non-vault XP
 B = Vault XP
 C = Vault XP percentage of total XP
 D = Non-vault monster count
 E = Vault monster count
 F = Vault count percentage of total count
                 A         B        C        D         E       F
            +---------+---------+-------+---------+---------+-------
      Total |    2440 |    2024 |  45.3 |      97 |      44 |  31.2
            +---------+---------+-------+---------+---------+-------
        D:1 |      34 |       2 |   5.6 |      17 |       2 |  10.5
        D:2 |      33 |      17 |  34.0 |      13 |       2 |  13.3
        D:3 |      10 |       3 |  23.1 |       6 |       2 |  25.0
        D:4 |     439 |     172 |  28.2 |      18 |       1 |   5.3
        D:5 |     689 |       0 |   0.0 |      19 |       0 |   0.0
        D:6 |     473 |     699 |  59.6 |       8 |       2 |  20.0
        D:7 |     762 |     118 |  13.4 |      16 |       9 |  36.0
    Ossuary |       0 |    1013 | 100.0 |       0 |      26 | 100.0
            +---------+---------+-------+---------+---------+-------
